 Dungeon Crawl Stone Soup version 0.27-a0-522-g46bbb28828 (webtiles) character file.

Game seed: 16481827753427580388

528 sahdkjhfkaj the Changer (level 7, 0/62 HPs)
             Began as an Ogre Transmuter on Mar 4, 2021.
             Succumbed to a scorpion's poison
             ... on level 5 of the Dungeon.
             The game lasted 00:04:25 (7227 turns).

sahdkjhfkaj the Changer (Ogre Transmuter)           Turns: 7227, Time: 00:04:26

Health: 0/62       AC:  3    Str: 15    XL:     7   Next: 23%
Magic:  10/10      EV: 10    Int: 16    God:
Gold:   349        SH:  0    Dex:  9    Spells: 1/10 levels left

rFire    . . .     SeeInvis .     - Unarmed
rCold    . . .     Faith    .   (no shield)
rNeg     . . .     Spirit   .   a - +0 robe
rPois    .         Reflect  .   (helmet currently unavailable)
rElec    .         Harm     .   (no cloak)
rCorr    .         Rampage  .   (gloves unavailable)
Will     .....                  (boots unavailable)
Stlth    +.........             (no amulet)
HPRegen  0.20/turn              (no ring)
MPRegen  0.12/turn              (no ring)

@: lethally poisoned (0 -> -18), appendages
A: large, unfitting armour, horns 2, talons 2, tough skin 1
a: End Transformation


You were on level 5 of the Dungeon.
You had grown temporary horns.
You had grown temporary talons.
You visited 1 branch of the dungeon, and saw 5 of its levels.

You collected 349 gold pieces.

Inventory:

Missiles
 m - a throwing net
Armour
 a - a +0 robe (worn)
 e - a +2 hat (melded)
Jewellery
 p - an amulet of the acrobat
Wands
 q - a wand of mindburst (18)
Scrolls
 b - 3 scrolls of enchant armour {unknown}
 c - a scroll of random uselessness {unknown}
 f - 2 scrolls of amnesia {unknown}
 l - 4 scrolls of identify {unknown}
 n - a scroll of fear {unknown}
 o - a scroll of noise {unknown}
 s - a scroll of enchant weapon {unknown}
Potions
 d - 3 potions of flight {unknown}
 g - a potion of mutation {unknown}
 h - a potion of curing {unknown}
 i - 2 potions of might {unknown}
 j - a potion of haste {unknown}
 k - 2 potions of lignification {unknown}
 r - a potion of ambrosia {unknown}


   Skills:
 - Level 1.3 Fighting
 - Level 1.7 Dodging
 - Level 2.6 Unarmed Combat
 - Level 2.4 Spellcasting
 + Level 7.0 Transmutations


You had one spell level left.
You knew the following spells:

 Your Spells              Type           Power        Failure   Level
a - Beastly Appendage     Tmut           48%          1%          1
x - Spider Form           Tmut/Pois      6%           14%         3
z - Blade Hands           Tmut           12%          30%         5

Your spell library contained the following spells:

 Spells                   Type           Power        Failure   Level
 Wereblood                Tmut           24%          1%          2
 Ice Form                 Ice/Tmut       13%          43%         4


Dungeon Overview and Level Annotations

Branches:
Dungeon (5/15)
 Temple: D:4-7

Altars:
Ashenzari
Dithmenos
Elyvilon
Makhleb


Innate Abilities, Weirdness & Mutations

You are too large for most types of armour.
You have tough skin. (AC +1)
You have a pair of horns on your head.
You have razor-sharp toenails.


Message History

You are too injured to fight recklessly!
A scorpion is nearby!
A scorpion is nearby!
Unknown command.
You hit the scorpion. Your kick misses the scorpion.
The scorpion is severely wounded.
You feel sick.
The scorpion stings you but does no damage.
You barely miss the scorpion. Your kick misses the scorpion.
The scorpion is severely wounded.
You feel sick. The scorpion closely misses you.
You hit the scorpion but do no damage. Your kick misses the scorpion.
The scorpion is severely wounded.
You feel sick. The scorpion stings you.
You are more poisoned.
The scorpion poisons you!
You barely miss the scorpion. You claw the scorpion.
The scorpion is almost dead.
You feel sick. The scorpion stings you!
* * * LOW HITPOINT WARNING * * *
You are more poisoned.
The scorpion poisons you!
You closely miss the scorpion. You claw the scorpion.
You kill the scorpion!
* * * LOW HITPOINT WARNING * * *
You feel very sick.
Your Transmutations skill increases to level 7!
* * * LOW HITPOINT WARNING * * *
You feel very sick.
Unknown command.
* * * LOW HITPOINT WARNING * * *
You feel sick.
* * * LOW HITPOINT WARNING * * *
You feel sick.
* * * LOW HITPOINT WARNING * * *
You feel sick.
Unknown command.
* * * LOW HITPOINT WARNING * * *
You feel sick.
You die...

#.# #.# ### #.# ..#
#.# ## #.# #.# ..
#.# #.# #. #.# #.#
.. ###.#######.#
#.#.#.#......@....#
#.....†...#########
###########


There were no monsters in sight!

Vanquished Creatures
  A scorpion (D:5)
  A howler monkey (D:4)
  3 jellies (D:4)
  Jessica (D:2)
  An iguana (D:3)
  An orc wizard (D:4)
  9 adders
  2 river rats (D:3)
  9 oozes
  7 worms
  2 dart slugs (D:1)
  4 leopard geckos
  11 orcs
  5 giant cockroaches
  5 goblins (D:1)
  8 hobgoblins
  5 quokkas
  A ball python (D:2)
  8 bats
  3 frilled lizards
  13 kobolds
  13 rats
113 creatures vanquished.

Vanquished Creatures (others)
  2 fungi (D:4)
  A plant (D:1)
  10 toadstools
13 creatures vanquished.

Grand Total: 126 creatures vanquished

Notes
Turn   | Place    | Note
-------+----------+-------------------------------------------
     0 | D:1      | sahdkjhfkaj the Ogre Transmuter began the quest for the
                  | Orb.
     0 | D:1      | Reached XP level 1. HP: 19/19 MP: 3/3
   158 | D:1      | Reached skill level 2 in Transmutations
   362 | D:1      | Reached XP level 2. HP: 27/27 MP: 3/5
   786 | D:1      | Reached skill level 3 in Transmutations
   881 | D:1      | Reached XP level 3. HP: 33/33 MP: 4/6
   885 | D:1      | Learned a level 3 spell: Spider Form
  1058 | D:2      | Noticed Jessica
  1068 | D:2      | Killed Jessica
  1336 | D:2      | Reached XP level 4. HP: 40/41 MP: 5/7
  1615 | D:2      | Reached skill level 4 in Transmutations
  2824 | D:3      | Reached XP level 5. HP: 43/48 MP: 6/8
  3523 | D:3      | Found a broken altar of Ashenzari.
  3524 | D:3      | Found a burning altar of Makhleb.
  3524 | D:3      | Found a shadowy altar of Dithmenos.
  3524 | D:3      | Found a white marble altar of Elyvilon.
  3678 | D:3      | Reached skill level 5 in Transmutations
  5024 | D:4      | Reached XP level 6. HP: 22/55 MP: 9/9
  5864 | D:4      | Learned a level 5 spell: Blade Hands
  5897 | D:4      | Reached skill level 6 in Transmutations
  7025 | D:4      | Reached XP level 7. HP: 45/62 MP: 5/10
  7176 | D:5      | Entered Level 5 of the Dungeon
  7222 | D:5      | Reached skill level 7 in Transmutations
  7226 | D:5      | HP: 2/62 [poisoned by a scorpion]
  7227 | D:5      | Succumbed to a scorpion's poison

Illustrated notes

Levels and vault maps discovered:
D:1:      lemuel_arrival_funnel, layout_loops_ring, serial_forest,
          infiniplex_forest_join, infiniplex_forest_3_way,
          infiniplex_forest_zigzag_1, infiniplex_forest_end_1,
          infiniplex_forest_fountain, infiniplex_forest_clump_cross,
          infiniplex_forest_side_room, infiniplex_forest_3_way, minmay_3d_cube
D:2:      layout_loops_corners, chequers_serial_rivers_room_a,
          serial_bayou_pond_a, uniq_jessica
D:3:      minmay_angry_zag, layout_basic, minitemple, lightli_sewer_entry_pipes,
          wad_floor_pattern_untrapped, minmay_gold_behind_fungi
D:4:      cheibrodos_fertilizer, layout_basic
D:5:      layout_loops_corners, minmay_temple_entry_wispy, minivault_23,
          hangedman_glass_teeth, hangedman_abyss_or_decor_stabs

Skill      XL: |  1  2  3  4  5  6  7 |
---------------+----------------------+-----
Transmutations | 2 3 4 5 6 7 |  7.0
Fighting       | |  1.3
Dodging        | |  1.7
Unarmed Combat | |  2.6
Spellcasting   | |  2.4

Action                   |  1- 3 |  4- 6 |  7- 9 || total
-------------------------+-------+-------+-------++-------
Melee: Unarmed           |    88 |   323 |    18 ||   429
       Headbutt          |     7 |    33 |       ||    40
       Kick              |    12 |    62 |     4 ||    78
       Punch             |     1 |     1 |       ||     2
Throw: Throwing net      |       |     1 |       ||     1
 Cast: Beastly Appendage |    23 |    56 |     1 ||    80
       Blade Hands       |       |     1 |       ||     1
 Abil: End Transformatio |     2 |       |       ||     2
Armor: Robe              |    33 |    69 |     2 ||   104
Dodge: Dodged            |    55 |   140 |     5 ||   200

Table legend: (Time is in decaauts)
 A = Elapsed time spent in this place.
 B = Non-inter-level travel time spent in this place.
 C = Inter-level travel time spent in this place.
 D = Time resting spent in this place.
 E = Time spent auto-exploring this place.
 F = Levels seen in this place.
 G = Mean time per level.
                   A        B        C        D        E       F      G
               +--------+--------+--------+--------+--------+-----+--------+
         Total |   7241 |   7131 |    110 |      0 |   6204 |   5 | 1448.2 |
       Dungeon |   7241 |   7131 |    110 |      0 |   6204 |   5 | 1448.2 |
               +--------+--------+--------+--------+--------+-----+--------+

Top non-repeatable levels by time:
     D:3: 3121 daAuts
     D:4: 1745 daAuts
     D:2: 1292 daAuts
     D:1: 1031 daAuts
     D:5: 50 daAuts
